 Dungeon Crawl Stone Soup version 0.18-a0-1570-gf60b0ab (webtiles) character file.

469 M4edhros the Poker (level 7, -3/46 HPs)
             Began as an Octopode Chaos Knight on Mar 14, 2016.
             Slain by Menkaure (10 damage)
             ... on level 4 of the Dungeon.
             The game lasted 00:08:55 (8793 turns).

M4edhros the Poker (Octopode Chaos Knight)          Turns: 8793, Time: 00:08:55

Health: -3/46      AC:  3    Str: 15    XL:     7   Next: 9%
Magic:  7/7        EV: 12    Int: 15    God:    Xom [......]
Gold:   99         SH:  0    Dex: 13    Spells: 0 memorised, 6 levels left

rFire  + + .     SeeInvis .     a - +0 spear (chaos)
rCold  . . .     Gourm    .     (no shield)
rNeg   . . .     Faith    .     (helmet restricted)
rPois  .         Spirit   .     (no amulet)
rElec  .         Dismiss  .     s - ring of protection from fire
rCorr  .         Reflect  .     (no ring)
SustAt .         Harm     .     (no ring)
MR     .....                    (no ring)
Stlth  ++........               (no ring)
                                (no ring)
                                (no ring)
                                (no ring)

@: very slightly contaminated, hasted, very quick, not resistant to hostile
enchantments, unstealthy
A: almost no armour, amphibious, 8 rings, constrict 8, camouflage 1, fire
resistance 1, sense surroundings 1, shaggy fur 2, strong 2, gelatinous body 1
a: Renounce Religion


You were on level 4 of the Dungeon.
You worshipped Xom.
You were a very special plaything of Xom.
You were very hungry.

You visited 1 branch of the dungeon, and saw 4 of its levels.

You collected 99 gold pieces.

Inventory:

Hand Weapons
 a - a +0 spear of chaos (weapon)
 c - a +2 spear of piercing
 x - a +0 blowgun
Missiles
 e - 7 javelins (quivered)
 f - 93 stones
 n - 21 bolts of flame
 y - 40 poisoned needles
Jewellery
 s - a ring of protection from fire (left tentacle)
Wands
 r - a wand of acid (7/15)
 v - a wand of confusion (21/48)
Scrolls
 d - 3 scrolls of recharging {unknown}
 g - a scroll of random uselessness {unknown}
 h - 5 scrolls of identify {unknown}
 i - 2 scrolls of fog {unknown}
 j - a scroll of remove curse {unknown}
 k - a scroll of blinking {unknown}
 l - a scroll of teleportation {unknown}
 o - a scroll of amnesia {unknown}
 q - a scroll of immolation {unknown}
 t - a scroll of fear {unknown}
Potions
 w - a potion of cure mutation {unknown}
 z - a potion of might
Comestibles
 b - 3 bread rations
 m - 2 meat rations


   Skills:
 - Level 3.0 Fighting
 + Level 7.8 Polearms
 - Level 2.3 Dodging


You had 6 spell levels left.
You didn't know any spells.

Dungeon Overview and Level Annotations

Branches:
Dungeon (4/15)
 Temple: D:4-7

Altars:
Okawaru

Annotations:
D:4 Duvessa, Menkaure


Innate Abilities, Weirdness & Mutations

You cannot wear most types of armour.
You are amphibious.
You can wear up to eight rings at the same time.
You can use your tentacles to constrict eight enemies at once.
Your skin changes colour to match your surroundings (Stealth).
Your rubbery body absorbs attacks (AC +1).
Your flesh is heat resistant.
You passively map a small area around you.
You are covered in thick fur (AC +2).
Your muscles are very strong. (Str +4)


Message History

Menkaure is lightly damaged.
You constrict Menkaure. Menkaure hits you!
* * * LOW HITPOINT WARNING * * *
Unknown command.
Drink which item? (? for menu, Esc to quit)
It was a potion of haste.
You feel yourself speed up.
You constrict Menkaure. Menkaure completely misses you.
You are very lightly contaminated with residual magic.
You hit Menkaure.
Menkaure is moderately damaged.
You constrict Menkaure. You hit Menkaure.
Space bends around Menkaure.
Menkaure is heavily damaged.
You constrict Menkaure. You hit Menkaure.
Menkaure is heavily damaged.
You constrict Menkaure, but do no damage.
Menkaure hits you!
You die...
Xom cackles wildly!

#########
#.......########
#..............#
###.......###....#
#.........##.###.####
#.#.........##.......
#.#.........e..#..###
#.#..................
#.###..##.#.@.).>....
#.........#.#M...#...,
#####..####.#.##.# ##
###..# #<#.# ... ,
#....# *#...., .#.
#.##......... .,#
#.#........... .#
#.#.#####..###**** #
#.#.# #..# #######.#,*


You could see Duvessa (petrified) and Menkaure (petrifying).

Vanquished Creatures
  Sigmund (D:3)
  Dowan (D:4)
  Ijyb (D:2)
  A worker ant (D:3)
  6 gnolls
  6 adders
  4 worms
  A dart slug (D:1)
  4 giant geckos
  An orc (D:3)
  4 giant cockroaches
  8 goblins
  7 hobgoblins
  6 jackals
  2 quokkas
  A ball python (D:1)
  A ball python skeleton (D:4)
  5 bats
  10 giant newts
  16 kobolds
  6 rats
92 creatures vanquished.

Vanquished Creatures (collateral kills)
  A jackal (D:3)
1 creature vanquished.

Grand Total: 93 creatures vanquished

Notes
Turn   | Place    | Note
--------------------------------------------------------------
     0 | D:1      | M4edhros the Octopode Chaos Knight began the quest for the Orb.
     0 | D:1      | Reached XP level 1. HP: 16/16 MP: 1/1
   274 | D:1      | Reached XP level 2. HP: 21/21 MP: 2/2
   348 | D:1      | XOM: harmless Chrm miscast
   466 | D:1      | XOM: mild Summ miscast
   467 | D:1      | Noticed a spatial vortex
   580 | D:1      | XOM: divination: detect creatures
  1118 | D:1      | XOM: god gift: 11 stones
  1186 | D:1      | XOM: harmless Tloc miscast
  1319 | D:1      | XOM: smoke on damage
  1393 | D:1      | XOM: scenery: 2 doors open, 1 doors close
  1549 | D:1      | Reached skill level 4 in Polearms
  1679 | D:1      | Reached XP level 3. HP: 26/26 MP: 3/3
  2121 | D:1      | XOM: scenery: 1 doors close
  2801 | D:2      | XOM: give mutations
  2801 | D:2      | Gained mutation: Your flesh is heat resistant. [Xom's grace]
  2801 | D:2      | Gained mutation: You are covered in fur (AC +1). [Xom's grace]
  3250 | D:2      | Noticed Ijyb
  3269 | D:2      | Killed Ijyb
  3269 | D:2      | Reached skill level 5 in Polearms
  3269 | D:2      | Reached XP level 4. HP: 21/31 MP: 4/4
  3355 | D:2      | XOM: enchant monster (good)
  4069 | D:2      | Reached XP level 5. HP: 31/36 MP: 5/5
  4212 | D:2      | XOM: god gift: 21 bolts of flame
  5166 | D:2      | XOM: cast spell 'Spider Form'
  5805 | D:3      | XOM: vitrification
  6048 | D:3      | Noticed Sigmund
  6082 | D:3      | XOM: silly message
  6088 | D:3      | Reached skill level 6 in Polearms
  6115 | D:3      | XOM: silly message
  6306 | D:3      | XOM: give mutations
  6306 | D:3      | Gained mutation: You passively map a small area around you. [Xom's grace]
  6306 | D:3      | Gained mutation: Your muscles are strong. (Str +2) [Xom's grace]
  6628 | D:3      | Killed Sigmund
  6628 | D:3      | Reached skill level 7 in Polearms
  6628 | D:3      | Reached XP level 6. HP: 42/42 MP: 6/6
  6848 | D:3      | XOM: 1-stop teleportation journey
  7692 | D:3      | Found an iron altar of Okawaru.
  8023 | D:3      | XOM: give mutations
  8023 | D:3      | Gained mutation: You are covered in thick fur (AC +2). [Xom's grace]
  8023 | D:3      | Gained mutation: Your muscles are very strong. (Str +4) [Xom's grace]
  8554 | D:3      | XOM: vitrification
  8603 | D:3      | XOM: mild Conj miscast
  8761 | D:4      | Noticed Dowan
  8764 | D:4      | Noticed Duvessa
  8767 | D:4      | XOM: enchant monster (bad)
  8775 | D:4      | Noticed Menkaure
  8775 | D:4      | XOM: mild Pois miscast
  8776 | D:4      | Killed Dowan
  8776 | D:4      | Reached XP level 7. HP: 41/46 MP: 7/7
  8787 | D:4      | XOM: divination: detect items
  8793 | D:4      | Slain by Menkaure

Vault maps used:
D:1:      grunt_arrival_crossed_arrows
D:2:      first_bread, uniq_iyjb
D:3:      okawaru_metal_pillars_1_2, uniq_sigmund
D:4:      minmay_goblin_kobold_castle, uniq_natasha, uniq_crazy_yiuf_cottage,
          uniq_duvessa, uniq_grinder, uniq_menkaure

Skill      XL: |  1  2  3  4  5 |
---------------+----------------+-----
Polearms       | 4 5 7 |  7.8
Fighting       | |  3.0
Dodging        | |  2.3

Action                   |  1- 3 |  4- 6 |  7- 9 || total
-------------------------+-------+-------+-------++-------
Melee: Spear             |    78 |   159 |    14 ||   251
       Unarmed           |       |     1 |       ||     1
  Use: Potion            |     3 |     2 |     1 ||     6
 Stab: Sleeping          |     1 |    10 |       ||    11
       Distracted        |     1 |       |       ||     1
       Paralysed         |       |     1 |       ||     1
       Petrifying        |       |     1 |     1 ||     2
       Confused          |       |     1 |       ||     1
       Petrified         |       |       |     1 ||     1
  Eat: Chunk             |     7 |    16 |       ||    23
